Map: [ESL] Waterfall

Players

Has - Winner!

  • Race: Protoss Protoss
  • Spawn Location: 7:00

Nice

  • Race: Protoss Protoss
  • Spawn Location: 1:00

Event: DreamHack SC2 Masters 2022 Atlanta (Online)

VOD

Have the link to the VOD?

Description

Time

  • Played on: Oct. 1, 2022, 8:50 a.m.
  • Length: 8:02

All games in this series

Show
View Real Time Build Order
Export as new Build Order

Has Protoss - Winner!

Build Orders: 1 Gate Expand 

Get SALT Encoding   

  12  0:00  Probe  
  13  0:12  Probe  
  14  0:18  Pylon  
  14  0:24  Probe  
  15  0:36  Probe (Chrono Boost)  
  15  0:38  Gateway  
  16  0:44  Assimilator  
  16  0:48  Probe (Chrono Boost)  
  17  0:52  Assimilator  
  17  0:53  Probe (Chrono Boost)  
  18  1:05  Probe  
  20  1:25  Nexus  
  19  1:35  Cybernetics Core  
  19  1:38  Probe  
  20  1:45  Pylon  
  20  1:51  Probe  
  21  2:03  Probe  
  22  2:10  Gateway  
  22  2:12  Stalker  
  24  2:16  Probe  
  25  2:26  Robotics Facility  
  25  2:33  Shield Battery  
  26  2:39  Warp Gate  
  26  2:41  Probe  
  26  2:43  Probe  
  27  2:49  Stalker  
  29  2:58  Stalker  
  29  3:03  Shield Battery  
  31  3:06  Probe  
  31  3:09  Probe  
  33  3:13  Observer (Chrono Boost)  
  33  3:18  Probe  
  36  3:27  Immortal (Chrono Boost)  
  36  3:30  Probe  
  36  3:33  Probe  
  40  3:42  Probe, Pylon  
  40  3:45  Probe  
  42  3:54  Probe  
  43  3:57  Probe  
  43  3:59  Pylon  
  43  4:00  Warp Prism (Chrono Boost)  
  44  4:06  Probe  
  44  4:09  Probe  
  48  4:21  Pylon  
  48  4:24  Twilight Council  
  49  4:28  Immortal (Chrono Boost)  
  52  4:31  Probe  
  52  4:32  Probe  
  53  4:43  Sentry, Stalker  
  57  4:50  Gateway  
  57  4:51  Gateway  
  57  4:55  Observer (Chrono Boost)  
  60  5:01  Gateway  
  60  5:03  Gateway  
  58  5:07  Gateway  
  58  5:12  Adept  
  58  5:13  Resonating Glaives (Chrono Boost)  
  59  5:15  Adept  
  57  5:23  Probe  
  58  5:28  Probe  
  58  5:29  Pylon  
  59  5:45  Adept x2  
  63  5:53  Adept x2  
  67  5:58  Pylon  
  67  6:02  Probe x2  
  69  6:14  Probe  
  69  6:15  Pylon  
  70  6:18  Probe  
  71  6:30  Adept x2  
  71  6:31  Adept x5, Pylon  
  85  6:34  Pylon  
  85  6:39  Pylon  
  85  6:47  Probe x2  
  85  6:49  Assimilator  
  85  6:50  Assimilator  
  87  6:56  Stargate  
  87  6:57  Stargate  
  87  7:06  Zealot x5  
  87  7:08  Probe  
  87  7:26  Adept x6  
  93  7:35  Probe  
  90  7:50  Adept x5  
  90  7:52  Adept  
Show
View Real Time Build Order
Export as new Build Order

Nice Protoss 

Build Orders:  

Get SALT Encoding   

  12  0:02  Probe  
  13  0:14  Probe  
  13  0:19  Pylon  
  14  0:26  Probe (Chrono Boost)  
  15  0:38  Gateway  
  15  0:39  Probe (Chrono Boost)  
  16  0:44  Probe (Chrono Boost)  
  16  0:46  Assimilator  
  17  0:53  Probe  
  17  0:55  Assimilator  
  18  1:05  Probe (Chrono Boost)  
  18  1:09  Gateway  
  19  1:18  Probe (Chrono Boost)  
  20  1:23  Probe (Chrono Boost)  
  21  1:27  Cybernetics Core  
  21  1:32  Probe  
  22  1:38  Pylon  
  22  1:45  Probe  
  23  1:58  Probe  
  24  2:01  Warp Gate (Chrono Boost)  
  24  2:04  Stalker x2  
  28  2:12  Pylon  
  28  2:39  Nexus  
  28  2:40  Sentry  
  28  2:43  Sentry  
  32  2:52  Shield Battery  
  32  2:53  Probe  
  33  3:02  Robotics Facility  
  33  3:07  Probe  
  33  3:19  Probe  
  34  3:27  Pylon  
  34  3:31  Probe  
  35  3:44  Probe  
  35  3:46  Warp Prism (Chrono Boost)  
  36  3:50  Sentry  
  36  3:52  Stalker  
  36  3:53  Probe  
  43  3:56  Probe  
  43  3:58  Pylon  
  44  4:05  Probe  
  45  4:12  Probe  
  45  4:13  Observer (Chrono Boost)  
  47  4:17  Probe, Gateway  
  47  4:22  Gateway  
  48  4:26  Probe  
  50  4:33  Zealot  
  52  4:38  Adept  
  52  4:41  Immortal (Chrono Boost)  
  57  4:52  Probe x2  
  59  4:56  Adept  
  59  4:58  Pylon  
  61  5:08  Probe  
  63  5:14  Probe  
  63  5:19  Immortal (Chrono Boost)  
  63  5:21  Shield Battery  
  68  5:30  Adept, Pylon x2  
  68  5:31  Probe  
  70  5:46  Assimilator x2, Pylon  
  70  5:48  Probe x2  
  72  5:50  Robotics Bay  
  72  5:58  Shield Battery  
  72  6:00  Probe  
  72  6:01  Shield Battery  
  72  6:02  Pylon  
  72  6:03  Pylon  
  73  6:07  Adept  
  73  6:09  Observer (Chrono Boost)  
  76  6:18  Stalker x2  
  76  6:34  Gateway  
  76  6:36  Gateway  
  76  6:38  Probe x2  
  82  6:40  Observer  
  82  6:41  Disruptor (Chrono Boost)  
  82  6:46  Twilight Council  
  81  6:53  Forge  
  81  7:00  Stalker x2  
  85  7:10  Disruptor (Chrono Boost)  
  85  7:11  Shield Battery  
  84  7:25  Stalker x2  
  68  7:45  Stalker x2  
  68  7:49  Stalker  
  68  7:50  Stalker  
Tags
 
Add a new tag
Caveats
  • Supply blocks, unpowered buildings, or Contaminate may cause inaccurate times.
  • Supply counts are checked every 10 seconds.